 Dungeon Crawl Stone Soup version 0.26-a0-690-gcb57259078 (webtiles) character file.

Game seed: 9434361210969451277

1694 demibob the Martial Artist (level 8, 0/58 HPs)
             Began as a Demonspawn Chaos Knight on Oct 23, 2020.
             Was a Plaything of Xom.
             Slain by a warg (10 damage)
             ... on level 6 of the Dungeon.
             The game lasted 00:15:00 (7512 turns).

demibob the Martial Artist (DsCK)                   Turns: 7512, Time: 00:15:02

Health: 0/58       AC:  7    Str: 12    XL:     8   Next: 72%
Magic:  8/8        EV: 11    Int: 15    God:    Xom [.*....]
Gold:   798        SH:  5    Dex: 14    Spells: 7/7 levels left

rFire    . . .     SeeInvis .     - Unarmed
rCold    . . .     Faith    .   h - +0 buckler
rNeg     . . .     Spirit   .   a - +2 leather armour
rPois    .         Reflect  .   (no helmet)
rElec    .         Harm     .   j - +1 cloak
rCorr    .         Rampage  .   (no gloves)
MR       .....                  (no boots)
Stlth    +.........             (no amulet)
HPRegen  0.19/turn              (no ring)
MPRegen  0.11/turn              (no ring)

@: no status effects
A: claws 2, rot immunity
a: Renounce Religion


You were on level 6 of the Dungeon.
You worshipped Xom.
You were a plaything of Xom.
You visited 1 branch of the dungeon, and saw 7 of its levels.

You collected 962 gold pieces.
You spent 164 gold pieces at shops.

Inventory:

Missiles
 g - 31 poisoned darts (quivered)
Armour
 a - a +2 leather armour (worn)
 h - a +0 buckler (worn)
 j - a +1 cloak (worn)
Wands
 d - a wand of enslavement (2)
 i - a wand of iceblast (5)
Scrolls
 e - 4 scrolls of identify
 k - a scroll of fog
 l - a scroll of blinking
 m - a scroll of silence
 n - a scroll of teleportation
Potions
 b - a potion of lignification
 c - 2 potions of flight
 o - a potion of resistance


   Skills:
 - Level 3.0 Fighting
 - Level 0.1 Throwing
 - Level 1.7 Armour
 - Level 0.8 Dodging
 - Level 0.2 Stealth
 * Level 3.8 Shields
 + Level 9.1 Unarmed Combat
 * Level 3.5 Evocations


You had 7 spell levels left.
You didn't know any spells.
Your spell library was empty.

Dungeon Overview and Level Annotations

Branches:
Dungeon (7/15)             Temple (0/1) D:5

Altars:
Ashenzari
Fedhas
Kikubaaqudgha
Uskayaw
Xom
Yredelemnul

Shops:
D:4 ?

Annotations:
D:5 2 transporters, 1 runed translucent door, Crazy Yiuf; Dazliare's ghost, novice HuFi


Innate Abilities, Weirdness & Mutations

You have very sharp fingernails.
You are immune to rotting.


Message History

The stone staircase leading down slides away from you!
The warg bites you but does no damage.
Unknown command.
You scratch the warg but do no damage.
The warg is almost dead.
The warg bites you!
You scratch the warg.
The warg is almost dead.
The warg barely misses you.
You scratch the warg but do no damage.
The warg is almost dead.
The warg bites you.
* * * LOW HITPOINT WARNING * * *
You completely miss the warg.
The warg is almost dead.
The warg bites you.
* * * LOW HITPOINT WARNING * * *
The warg bites you!
You die... "It's all fun and games until someone loses an eye."

.# .# .# .# .# .# ########## .#
#........#
.####################.######.#
.........>......@†..#.# #.#
.#############.#h##.#.# #.#
.............#.#.##.#.# #.####
############.#.#.##.#.#### #.#.PP
.[......# #.#.#.##.#.†..# #.#P_P
........# #.#.#.##.#.##.# ###..P
........# #.#.#.##.#.<#.# #P..#
###.########.#.#.##.#.##.####..P#
....# #...#.#..#.#............


You could see a warg.

Vanquished Creatures
  A warg (D:6)
  A sky beast (D:5)
  An ice beast (D:6)
  2 ogres
  4 centaurs
  A big kobold (D:6)
  2 bullfrogs (D:6)
  3 scorpions (D:5)
  3 bullfrog zombies
  A hound (D:5)
  An iguana (D:4)
  5 orc wizards
  2 worker ants
  A worker ant zombie (D:5)
  11 adders
  2 oozes
  2 worms
  4 dart slugs
  2 leopard geckos
  18 orcs
  2 giant cockroaches (D:1)
  11 hobgoblins
  16 jackals
  11 kobolds
  5 quokkas
  A ball python (D:2)
  A ball python skeleton (D:4)
  8 bats
  5 frilled lizards
  A giant cockroach zombie (D:5)
  3 goblins
  2 quokka skeletons
  6 rats
139 creatures vanquished.

Vanquished Creatures (collateral kills)
  A jackal (D:5)
1 creature vanquished.

Vanquished Creatures (others)
  A worker ant (D:6)
  3 withered plants (D:6)
4 creatures vanquished.

Grand Total: 144 creatures vanquished

Notes
Turn   | Place    | Note
-------+----------+-------------------------------------------
     0 | D:1      | demibob the Demonspawn Chaos Knight began the quest for the
                  | Orb.
     0 | D:1      | Reached XP level 1. HP: 18/18 MP: 1/1
   144 | D:1      | XOM: silly message
   210 | D:1      | XOM: silly message
   211 | D:1      | Reached skill level 3 in Unarmed Combat
   488 | D:1      | Gained mutation: You have sharp fingernails. [demonic
                  | ancestry]
   488 | D:1      | Reached XP level 2. HP: 21/24 MP: 2/2
   672 | D:1      | XOM: divination: detect creatures
   807 | D:1      | Gained mutation: You are immune to rotting. [demonic
                  | ancestry]
   807 | D:1      | Reached XP level 3. HP: 23/29 MP: 3/3
   995 | D:1      | XOM: divination: detect creatures
  1044 | D:2      | Reached skill level 4 in Unarmed Combat
  1166 | D:2      | XOM: divination: detect items
  1427 | D:2      | Reached XP level 4. HP: 25/35 MP: 4/4
  1427 | D:2      | XOM: potion effect (haste)
  1552 | D:2      | XOM: silly message
  1579 | D:2      | XOM is BORED!
  1579 | D:2      | XOM: silly message
  1723 | D:2      | Noticed a centaur
  1731 | D:2      | XOM: butterfly on damage
  1738 | D:2      | XOM: potion effect (haste)
  1739 | D:2      | XOM: enchant monster (good)
  1749 | D:2      | Killed a centaur
  1749 | D:2      | Reached skill level 1 in Shields
  1749 | D:2      | Reached skill level 5 in Unarmed Combat
  1749 | D:2      | Gained mutation: You have very sharp fingernails. [demonic
                  | ancestry]
  1749 | D:2      | Reached XP level 5. HP: 2/41 MP: 5/5
  1758 | D:2      | XOM: polymorph butterfly -> jackal
  2076 | D:2      | XOM: noise
  2215 | D:2      | XOM: cloud trail
  3334 | D:4      | Reached XP level 6. HP: 39/47 MP: 6/6
  3397 | D:4      | XOM: divination: detect items
  3413 | D:4      | Reached skill level 6 in Unarmed Combat
  3432 | D:4      | XOM: 2-stop teleportation journey
  3802 | D:4      | XOM: scenery: create altars
  3855 | D:4      | XOM: scenery: 2 doors open
  3918 | D:4      | XOM: noise
  3950 | D:4      | Found a basalt altar of Yredelemnul.
  3960 | D:4      | Found Hauggi's Magic Scroll Boutique.
  3969 | D:4      | Bought a scroll of blinking for 82 gold pieces
  3969 | D:4      | Bought a scroll of silence for 82 gold pieces
  3993 | D:5      | Entered Level 5 of the Dungeon
  3998 | D:5      | Reached XP level 7. HP: 52/52 MP: 7/7
  4028 | D:5      | XOM: summons friendly crimson imp
  4031 | D:5      | Reached skill level 1 in Evocations
  4064 | D:5      | XOM: silly message
  4097 | D:5      | XOM: divination: detect creatures
  4101 | D:5      | XOM: noise
  4117 | D:5      | Reached skill level 7 in Unarmed Combat
  4345 | D:5      | XOM: enchant monster (bad)
  4376 | D:5      | XOM: draining
  4641 | D:5      | Found a transporter.
  4704 | D:5      | Found a staircase to the Ecumenical Temple.
  4719 | D:5      | Found a transporter.
  4719 | D:5      | Noticed Dazliare's ghost (novice HuFi)
  4793 | D:5      | Reached XP level 8. HP: 36/58 MP: 8/8
  4984 | D:5      | Found a runed translucent door.
  4985 | D:5      | Noticed Crazy Yiuf
  5213 | D:6      | Found an ancient bone altar of Kikubaaqudgha.
  5213 | D:6      | Found a blossoming altar of Fedhas.
  5221 | D:6      | XOM: scenery: summon butterflies
  5330 | D:6      | Reached skill level 8 in Unarmed Combat
  5362 | D:6      | Found a runed translucent door.
  5362 | D:6      | Found a broken altar of Ashenzari.
  5362 | D:6      | XOM: 3-stop teleportation journey
  5801 | D:6      | XOM: fake destruction
  5996 | D:6      | XOM: smoke on damage
  6019 | D:6      | XOM: god gift: 639 gold pieces
  6290 | D:6      | XOM: cast spell 'Dispersal'
  6527 | D:6      | XOM: confusion
  6663 | D:6      | Found a hide-covered altar of Uskayaw.
  7143 | D:6      | XOM: summons 3 hostile demons
  7326 | D:6      | HP: 1/58 [warg (7)]
  7328 | D:6      | Reached skill level 9 in Unarmed Combat
  7508 | D:6      | XOM: repel stairs
  7512 | D:6      | Slain by a warg

Illustrated notes

Levels and vault maps discovered:
D:1:      dpeg_arrival_connections, layout_loops_cross
D:2:      layout_rooms
D:3:      layout_loops_ring
D:4:      layout_basic, nicolae_overflow_hidden_temple, serial_shops,
          nicolae_shop_statue_plus
D:5:      layout_cave_pools, minmay_temple_entry_enclosed_plants,
          gammafunk_ghost_arena, uniq_crazy_yiuf_cottage
D:6:      layout_basic, lemuel_round_altar, lemuel_round_altar,
          grunt_temple_overflow_growth_and_decay, grunt_decor_cap,
          roderic_lattice_a, lightli_church_of_beogh
D:7:      lemuel_castle_with_subvaults [lemuel_castle_interior_carwin_3],
          layout_cave_pods, makhleb_altar_promises_db, minitemple

Skill      XL: |  1  2  3  4  5  6  7  8 |
---------------+-------------------------+-----
Unarmed Combat | 3 4 5 6 7 9 |  9.1
Shields        | 1 2 3 |  3.8
Evocations     | 2 3 |  3.5
Fighting       | |  3.0
Throwing       | |  0.1
Armour         | |  1.7
Dodging        | |  0.8
Stealth        | |  0.2

Action                   |  1- 3 |  4- 6 |  7- 9 || total
-------------------------+-------+-------+-------++-------
Melee: Unarmed           |   142 |   162 |   221 ||   525
       Punch             |     4 |       |       ||     4
Throw: Dart              |       |     9 |     5 ||    14
Evoke: Wand              |       |     1 |     5 ||     6
  Use: Potion            |       |     5 |     2 ||     7
       Scroll            |       |     6 |     6 ||    12
 Stab: Paralysed         |       |     1 |       ||     1
       Sleeping          |       |     2 |       ||     2
       Invisible         |       |       |     5 ||     5
Armor: Leather armour    |    44 |    37 |    67 ||   148
Dodge: Dodged            |    59 |    68 |   117 ||   244
Block: Buckler           |     2 |    20 |    33 ||    55

Table legend: (Time is in decaauts)
 A = Elapsed time spent in this place.
 B = Non-inter-level travel time spent in this place.
 C = Inter-level travel time spent in this place.
 D = Time resting spent in this place.
 E = Time spent auto-exploring this place.
 F = Levels seen in this place.
 G = Mean time per level.
                   A        B        C        D        E       F      G
               +--------+--------+--------+--------+--------+-----+--------+
         Total |   7424 |   7015 |    409 |   2153 |   3801 |   7 | 1060.6 |
       Dungeon |   7424 |   7015 |    409 |   2153 |   3801 |   7 | 1060.6 |
               +--------+--------+--------+--------+--------+-----+--------+

Top non-repeatable levels by time:
     D:6: 2273 daAuts
     D:2: 1240 daAuts
     D:5: 1201 daAuts
     D:3: 1005 daAuts
     D:1: 985 daAuts
     D:4: 701 daAuts
     D:7: 17 daAuts
